 Dungeon Crawl Stone Soup version 0.24-a0-497-g5a03d68f59 (webtiles) character file.

Game seed: 7047714539734271294

11630 Arthanis the Cleaver (level 11, -14/72 HPs)
             Began as a Gargoyle Berserker on July 13, 2019.
             Was a High Priest of Trog.
             Demolished by a large slime creature (21 damage)
             ... on level 12 of the Dungeon.
             The game lasted 00:21:17 (10928 turns).

Arthanis the Cleaver (Gargoyle Berserker)          Turns: 10928, Time: 00:21:18

Health: -14/72     AC: 25    Str: 26    XL:     11   Next: 80%
Magic:  15/15      EV:  9    Int: 12    God:    Trog [*****.]
Gold:   776        SH:  4    Dex:  9    Spells: 10/10 levels left

rFire    . . .     SeeInvis +   t - +0 spear (vamp)
rCold    . . .     Gourm    .   I - +0 buckler (curse)
rNeg     + . .     Faith    .   l - +0 plate armour
rPois    ∞         Spirit   .   C - +0 helmet
rElec    +         Reflect  .   y - +0 cloak
rCorr    .         Harm     .   (no gloves)
MR       .....                  H - +0 pair of boots
Stlth    ..........             (no amulet)
HPRegen  0.22/turn              P - ring "Yrischumn" {rElec rPois MR- Str+6 Stlth+}
MPRegen  0.14/turn              i - ring of see invisible

@: berserk cooldown, slowed, very slow
A: negative energy resistance 1, electricity resistance, unbreathing,
petrification resistance, rot immunity, AC +8
a: Berserk, Trog's Hand, Brothers in Arms, Renounce Religion


You were on level 12 of the Dungeon.
You worshipped Trog.
Trog was extremely pleased with you.
You were hungry.

You visited 1 branch of the dungeon, and saw 12 of its levels.
You also visited: Bailey.

You collected 802 gold pieces.
You spent 26 gold pieces at shops.

Inventory:

Hand Weapons
 a - a +0 hand axe
 e - a +2 battleaxe
 h - a +0 spear
 q - a +2 short sword of protection
 t - a +0 vampiric spear (weapon)
 u - a +1 halberd of venom
 B - a +1 mace of protection
 D - a +0 war axe
 N - a cursed +1 battleaxe
Missiles
 L - 8 throwing nets (quivered)
Armour
 b - a +0 animal skin
 l - a +0 plate armour (worn)
 y - a +0 cloak (worn)
 C - a +0 helmet (worn)
 H - a +0 pair of boots (worn)
 I - a cursed +0 buckler (worn)
Jewellery
 i - a ring of see invisible (right hand)
 F - an uncursed ring of resist corrosion
 P - the ring "Yrischumn" (left hand) {rElec rPois MR- Str+6 Stlth+}
   (You found it on level 9 of the Dungeon)

   [ring of strength]

   It affects your strength (+6).
   It insulates you from electricity.
   It protects you from poison.
   It affects your resistance to hostile enchantments.
   It makes you more stealthy.
Wands
 v - a wand of enslavement (17)
 G - a wand of random effects (38)
 J - a wand of scattershot (3)
 K - a wand of paralysis (18)
 M - a wand of flame (53)
Scrolls
 d - 3 scrolls of teleportation
 f - 2 scrolls of enchant armour
 g - a scroll of enchant weapon
 m - 7 scrolls of remove curse
 n - 5 scrolls of fog
 s - 3 scrolls of blinking
 O - a scroll of identify
Potions
 j - 4 potions of agility {unknown}
 o - a potion of magic {unknown}
 p - a potion of heal wounds {unknown}
 r - 3 potions of ambrosia
 w - 2 potions of curing
 x - 4 potions of haste
 z - a potion of flight {unknown}
 A - 2 potions of invisibility {unknown}
 E - 5 potions of lignification
 Q - 2 potions of mutation {unknown}
Miscellaneous
 k - a sack of spiders
Comestibles
 c - 10 rations
 R - 4 chunks of flesh


   Skills:
 + Level 10.0 Fighting
 * Level 11.4 Axes
 - Level 8.0 Armour
 - Level 4.0 Dodging
 - Level 4.0 Shields
 + Level 5.3 Evocations


You had 10 spell levels left.
You didn't know any spells.
Your spell library contained the following spells:

 Spells                   Type           Power        Failure   Level  Hunger
 Flame Tongue             Conj/Fire      #....        98%         1    ##.....
 Magic Dart               Conj           #...         98%         1    ##.....
 Blink                    Tloc           N/A          99%         2    ###....
 Call Imp                 Summ           #.......     99%         2    ###....
 Slow                     Hex            #.......     99%         2    ###....
 Throw Flame              Conj/Fire      #.....       99%         2    ###....
 Conjure Flame            Conj/Fire      #.......     100%        3    ####...
 Inner Flame              Hex/Fire       #.......     100%        3    ####...
 Mephitic Cloud           Conj/Pois/Air  #.......     100%        3    ####...
 Sticky Flame             Conj/Fire      #.......     100%        4    #####..
 Fireball                 Conj/Fire      #.........   100%        5    ######.


Dungeon Overview and Level Annotations

Branches:
Dungeon (12/15)            Temple (0/1) D:4            Lair (0/6) D:10
    Orc (0/2) D:10

Altars:
Elyvilon
Okawaru
Ru
Uskayaw
Vehumet
Xom
Yredelemnul

Shops:
D:5 *   D:10 [   D:11 *

Annotations:
D:4 1 runed translucent door, hitsuchi's ghost, amateur FoFi


Innate Abilities, Weirdness & Mutations

You are resistant to torment.
Your stone body is resilient. (AC +8)
You are immune to poison.
You resist negative energy. (rN+)
You are resistant to electric shocks. (rElec)
You can survive without breathing.
You are immune to petrification.
You are immune to rotting.


Message History

Your plate armour prevents you from hitting the titanic slime creature.
The titanic slime creature is heavily wounded.
You puncture the titanic slime creature!
You feel better.
The titanic slime creature is heavily wounded.
The titanic slime creature hits you!
You hit the titanic slime creature.
You feel better.
The titanic slime creature is heavily wounded.
You are no longer berserk.
Trog's vigour flows through your veins.
You are exhausted.
You feel yourself slow down.
A titanic slime creature splits.
Two slime creatures merge to form an enormous slime creature.
The large slime creature hits you but does no damage.
The large slime creature hits you!!
* * * LOW HITPOINT WARNING * * *
There is an open door here.
The large slime creature hits you!!
You die...

#.......##..+....J.
#############.....J
#'#### #.## #..## ##..#
##J# ###J#####
###############.@.....#
..............'[......#
###############<......+
#.......# #########


You could see an enormous slime creature and a large slime creature.

Vanquished Creatures
  A hydra (D:11)
  Erica (D:10)
  4 unseen horrors
  A gargoyle (D:11)
  2 trolls
  Sigmund (D:6)
  A shadow (D:12)
  A spriggan (D:11)
  2 wyverns
  2 humans (D:7)
  Grum (D:10)
  A hungry ghost (D:8)
  Menkaure (D:6)
  2 sky beasts (D:11)
  2 ice beasts
  3 orc warriors
  A black bear (D:8)
  2 phantoms
  A necrophage (D:9)
  2 ogres
  3 wolves (D:10)
  4 centaurs
  2 big kobolds
  2 crocodiles
  7 bullfrogs
  8 gnoll sergeants (Bailey)
  5 scorpions
  3 jellies
  10 killer bees
  A howler monkey (D:9)
  11 wights
  A bullfrog zombie (D:2)
  2 crimson imps
  5 hounds
  2 quasits
  2 centaur zombies
  8 bullfrog skeletons
  A centaur skeleton (D:9)
  6 gnoll shamans (Bailey)
  3 orc priests
  Terence (D:2)
  2 iguanas
  4 orc wizards
  6 worker ants
  2 hound zombies
  A worker ant zombie (D:6)
  21 gnolls
  12 adders
  A shadow imp (D:11)
  2 oozes
  An adder zombie (D:5)
  2 worms
  3 dart slugs
  6 leopard geckos
  39 orcs
  5 giant cockroaches
  10 goblins
  9 hobgoblins
  6 jackals
  20 kobolds
  13 quokkas
  2 ball pythons
  7 bats
  A frilled lizard (D:1)
  A giant cockroach zombie (D:6)
  A leopard gecko zombie (D:5)
  7 rats
303 creatures vanquished.

Vanquished Creatures (collateral kills)
  5 killer bees
5 creatures vanquished.

Vanquished Creatures (others)
  2 killer bees
2 creatures vanquished.

Grand Total: 310 creatures vanquished

Notes
Turn   | Place    | Note
-------+----------+-------------------------------------------
     0 | D:1      | Arthanis the Gargoyle Berserker began the quest for the
                  | Orb.
     0 | D:1      | Reached XP level 1. HP: 14/14 MP: 1/1
   154 | D:1      | Reached XP level 2. HP: 11/19 MP: 2/2
   157 | D:1      | Reached skill level 3 in Axes
   422 | D:1      | Reached XP level 3. HP: 19/23 MP: 3/3
   539 | D:1      | Reached ** piety under Trog
  1056 | D:2      | Reached XP level 4. HP: 29/29 MP: 4/4
  1314 | D:2      | Reached XP level 5. HP: 32/33 MP: 5/5
  1325 | D:2      | Noticed Terence
  1341 | D:2      | Killed Terence
  1341 | D:2      | Reached skill level 4 in Axes
  1356 | D:2      | Found a radiant altar of Vehumet.
  2108 | D:3      | Reached *** piety under Trog
  2296 | D:3      | Found a sacrificial altar of Ru.
  2411 | D:4      | Reached XP level 6. HP: 39/39 MP: 6/6
  2518 | D:4      | Noticed a phantom
  2589 | D:4      | Killed a phantom
  2589 | D:4      | Reached skill level 5 in Axes
  2675 | D:4      | Found a white marble altar of Elyvilon.
  2679 | D:4      | Found a basalt altar of Yredelemnul.
  2684 | D:4      | Found a sacrificial altar of Ru.
  2721 | D:4      | Reached skill level 5 in Fighting
  2721 | D:4      | Reached XP level 7. HP: 44/44 MP: 7/7
  2743 | D:4      | Found a runed translucent door.
  2748 | D:4      | Noticed hitsuchi's ghost (amateur FoFi)
  2798 | D:4      | Found a staircase to the Ecumenical Temple.
  2951 | D:4      | Found a shimmering altar of Xom.
  2969 | D:5      | Entered Level 5 of the Dungeon
  3213 | D:5      | Reached skill level 6 in Axes
  3213 | D:5      | Reached skill level 5 in Armour
  3278 | D:5      | Reached XP level 8. HP: 35/51 MP: 8/8
  3288 | D:5      | Found Ahulol's General Store.
  3293 | D:5      | Bought a scroll of fog for 26 gold pieces
  3969 | D:6      | Reached **** piety under Trog
  4160 | D:6      | Noticed Menkaure
  4169 | D:6      | Killed Menkaure
  4169 | D:6      | Reached skill level 7 in Axes
  4286 | D:6      | Noticed Sigmund
  4298 | D:6      | Killed Sigmund
  4371 | D:6      | Reached XP level 9. HP: 53/56 MP: 9/9
  4652 | D:6      | Reached skill level 8 in Axes
  4880 | D:7      | Reached skill level 1 in Evocations
  5537 | D:7      | Found an iron altar of Okawaru.
  6094 | D:8      | Reached ***** piety under Trog
  6403 | D:8      | Reached skill level 9 in Axes
  6643 | D:8      | Reached XP level 10. HP: 64/64 MP: 12/12
  6730 | D:8      | Reached skill level 1 in Shields
  6950 | D:9      | Got a sparkling amber ring
  7127 | D:9      | Identified the ring "Yrischumn" {rElec rPois MR- Str+6
                  | Stlth+} (You found it on level 9 of the Dungeon)
  7635 | D:10     | Entered Level 10 of the Dungeon
  7767 | D:10     | Found a staircase to the Lair.
  7773 | D:10     | Found Neushaz's Armour Shop.
  7773 | D:10     | Found a staircase to the Orcish Mines.
  7840 | D:10     | Noticed an unseen horror
  7854 | D:10     | Killed an unseen horror
  8053 | D:10     | Found a hide-covered altar of Uskayaw.
  8057 | D:10     | Noticed an unseen horror
  8088 | D:10     | Killed an unseen horror
  8106 | D:10     | Noticed Erica
  8120 | D:10     | Killed Erica
  8120 | D:10     | Reached skill level 10 in Axes
  8311 | D:10     | Noticed an unseen horror
  8353 | D:10     | Killed an unseen horror
  8353 | D:10     | Reached XP level 11. HP: 67/71 MP: 14/14
  8433 | D:10     | Noticed Grum
  8465 | D:10     | Killed Grum
  8828 | D:11     | Noticed a five-headed hydra
  8904 | D:11     | Found Dixealelao's General Store.
  8923 | D:11     | Found a flagged portal.
  8936 | Bailey   | Entered a bailey
  9894 | D:11     | Killed a five-headed hydra
  9894 | D:11     | Reached skill level 11 in Axes
 10190 | D:11     | Noticed an unseen horror
 10208 | D:11     | Killed an unseen horror
 10208 | D:11     | Reached skill level 5 in Evocations
 10852 | D:12     | Reached skill level 10 in Fighting
 10928 | D:12     | Demolished by a large slime creature

Levels and vault maps discovered:
D:1:      sevenhm_arrival_forest_fort_large_2, layout_basic
D:2:      layout_loops_ring, vehumet_crystals, minmay_misc_feat_x, uniq_terence
D:3:      layout_basic, mrwooster_statue_mirror, nicolae_ru_awakened_eye
D:4:      layout_cave_pools, minmay_overflow_temple_star_quad,
          lemuel_coloured_pillars_altar, minmay_temple_entry_proselytizer,
          first_ration, ebering_ghost_reflecting_pool
D:5:      layout_basic, serial_shops, nicolae_shop_competitors_out_of_business,
          hangedman_decor_growths
D:6:      layout_loops_cross, kennysheep_generic_room_15, uniq_menkaure,
          uniq_sigmund
D:7:      layout_loops_corners, okawaru_humans
D:8:      layout_basic
D:9:      layout_irregular_city
D:10:     layout_stronghold, dpeg_oklobed_lair, orc_david_3, basic_altar,
          uniq_erica, uniq_grum
D:11:     layout_grid_maze, enter_bailey_3, serial_shops, shop, grunt_pizzeria,
          chequers_serial_rivers_micro_c
D:12:     layout_roguey

Skill      XL: |  1  2  3  4  5  6  7  8  9 10 11 |
---------------+----------------------------------+-----
Axes           | 3 4 5 6 7 9 10 11 | 11.4
Dodging        | 2 3 4 |  4.0
Fighting       | 4 5 6 8 9 10 | 10.0
Armour         | 3 4 5 6 7 8 |  8.0
Evocations     | 3 4 5 |  5.3
Shields        | 4 |  4.0

Action                   |  1- 3 |  4- 6 |  7- 9 | 10-12 || total
-------------------------+-------+-------+-------+-------++-------
Melee: Hand axe          |   110 |   249 |   134 |       ||   493
       Spear             |       |       |   807 |  1501 ||  2308
Invok: Berserk           |     2 |     3 |    14 |    16 ||    35
       Trog's Hand       |       |     1 |     1 |     4 ||     6
Evoke: Wand              |       |       |     1 |     9 ||    10
  Use: Scroll            |       |       |       |    16 ||    16
  Eat: Chunk             |     1 |     9 |    21 |    22 ||    53
       Ration            |       |       |     2 |     4 ||     6
Armor: Animal skin       |    14 |       |       |       ||    14
       Plate armour      |    47 |   215 |   642 |  1162 ||  2066
Dodge: Dodged            |    51 |    72 |   283 |   685 ||  1091
Block: Buckler           |       |       |     2 |   328 ||   330

Table legend:
 A = Non-vault XP
 B = Vault XP
 C = Vault XP percentage of total XP
 D = Non-vault monster count
 E = Vault monster count
 F = Vault count percentage of total count
                 A         B        C        D         E       F
            +---------+---------+-------+---------+---------+-------
      Total |   12802 |    3813 |  22.9 |     256 |      52 |  16.9
            +---------+---------+-------+---------+---------+-------
        D:1 |      43 |       0 |   0.0 |      20 |       0 |   0.0
        D:2 |     128 |      38 |  22.9 |      32 |       1 |   3.0
        D:3 |      64 |       0 |   0.0 |      20 |       0 |   0.0
        D:4 |     551 |      41 |   6.9 |      15 |       1 |   6.2
        D:5 |     634 |       0 |   0.0 |      28 |       0 |   0.0
        D:6 |     683 |     396 |  36.7 |      18 |       2 |  10.0
        D:7 |     418 |     392 |  48.4 |      12 |       2 |  14.3
        D:8 |    1607 |       0 |   0.0 |      31 |       0 |   0.0
        D:9 |     918 |       0 |   0.0 |      15 |       0 |   0.0
       D:10 |    3109 |    1496 |  32.5 |      22 |      11 |  33.3
       D:11 |    3571 |     219 |   5.8 |      33 |       5 |  13.2
       D:12 |    1076 |       0 |   0.0 |      10 |       0 |   0.0
     Bailey |       0 |    1231 | 100.0 |       0 |      30 | 100.0
            +---------+---------+-------+---------+---------+-------
